 Dungeon Crawl Stone Soup version 0.28.0-47-ge53b351184 (webtiles) character file.

Game seed: 12432271450402678826

193 GigaChad the Covered (level 5, -5/47 HPs)
             Began as a Minotaur Fighter on May 7, 2022.
             Was a Follower of Okawaru.
             Slain by Edmund
             ... wielding a +3 flail of holy wrath
              (8 damage)
             ... on level 4 of the Dungeon.
             The game lasted 00:06:20 (3444 turns).

GigaChad the Covered (Minotaur Fighter)             Turns: 3444, Time: 00:06:20

Health: -5/47      AC:  7    Str: 20    XL:     5   Next: 43%
Magic:  4/4        EV:  9    Int:  5    God:    Okawaru [*.....]
Gold:   186        SH:  5    Dex: 12    Spells: 4/4 levels left

rFire   . . .      SeeInvis .   a - +0 long sword
rCold   . . .      Faith    .   c - +0 buckler
rNeg    . . .      Spirit   .   b - +0 scale mail
rPois   .          Reflect  .   (helmet restricted)
rElec   .          Harm     .   (no cloak)
rCorr   .          Rampage  .   (no gloves)
Will    .....                   (no boots)
Stlth   ..........              (no amulet)
HPRegen 0.15/turn               (no ring)
MPRegen 0.09/turn               (no ring)

@: no status effects
A: horns 2, retaliatory headbutt
a: Renounce Religion, Heroism


You were on level 4 of the Dungeon.
You worshipped Okawaru.
Okawaru was aware of your devotion.
You visited 1 branch of the dungeon, and saw 4 of its levels.

You collected 186 gold pieces.

Inventory:

Hand Weapons
 a - a +0 long sword (weapon)
Armour
 b - a +0 scale mail (worn)
 c - a +0 buckler (worn)
Jewellery
 g - an amulet of magic regeneration
 j - a ring of fire
 s - a ring of protection from cold
 w - a ring of poison resistance
Scrolls
 e - 3 scrolls of identify {unknown}
 f - a scroll of fog
 i - a scroll of immolation {unknown}
 l - a scroll of magic mapping {unknown}
 n - a scroll of fear {unknown}
 r - a scroll of summoning {unknown}
 u - a scroll of noise {unknown}
Potions
 d - a potion of might
 h - a potion of resistance {unknown}
 k - 2 potions of mutation {unknown}
 m - 2 potions of curing {unknown}
 o - a potion of brilliance {unknown}
 p - a potion of heal wounds {unknown}
 q - a potion of haste {unknown}
 t - a potion of flight {unknown}
 v - a potion of cancellation {unknown}


   Skills:
 + Level 4.4 Fighting
 + Level 4.3 Long Blades
 + Level 5.1 Armour
 + Level 1.1 Dodging
 + Level 0.2 Stealth
 + Level 4.3 Shields


You had 4 spell levels left.
You didn't know any spells.
Your spell library contained the following spells:

 Spells                   Type           Power      Damage    Failure   Level
 Inner Flame              Hex/Fire       0%         N/A       99%         3
 Cause Fear               Hex            0%         N/A       100%        4
 Discord                  Hex            0%         N/A       100%        8


Dungeon Overview and Level Annotations

Branches:
Dungeon (4/15)             Temple (0/1) D:4

Altars:
Gozag
Okawaru
Sif Muna

Shops:
D:3 *

Annotations:
D:4 Edmund


Innate Abilities, Weirdness & Mutations

You have a pair of horns on your head.
You reflexively headbutt those who attack you in melee.


Message History

You hit the orc priest.
The orc priest is lightly wounded.
The orc priest misses you. You furiously retaliate!
You headbutt the orc priest! The orc barely misses you.
You hit the orc priest.
The orc priest is almost dead.
The orc priest hits you with a +0 flail.
The endoplasm freezes you.
You are frozen.
The orc misses you.
You hit the orc priest.
You kill the orc priest!
Okawaru accepts your kill. The endoplasm freezes you.
You are frozen.
Edmund misses you. The orc hits you with a +0 dagger.
Edmund hits you with a +3 flail of holy wrath.
The endoplasm freezes you.
You are frozen.
Edmund hits you but does no damage.
You see here a +0 club.
Edmund hits you with a +3 flail of holy wrath.
You see here a +0 club.
You slash Edmund! Your headbutt misses Edmund.
Edmund is moderately wounded.
Edmund hits you with a +3 flail of holy wrath!
You block Edmund's attack.
You hit Edmund. You headbutt Edmund.
Edmund is moderately wounded.
Edmund says, "I'm quite good with sums, too."
Edmund hits you with a +3 flail of holy wrath.
* * * LOW HITPOINT WARNING * * *
A worm comes into view.
You barely miss Edmund. You headbutt Edmund, but do no damage.
Edmund is moderately wounded.
Edmund gestures with his flail.
Edmund hits you with a +3 flail of holy wrath!
* * * LOW HITPOINT WARNING * * *
You hit Edmund.
Edmund is heavily wounded.
Edmund hits you with a +3 flail of holy wrath!
You die...

######....######## ..
#................ .
...#.###.....########.
....................>.
...###.....#########.#
.......(...# #.#
#..........# #.#######
...........#########........
†...............@@Joo)......
.........#.########o........
.......#.#...# #.#..w....
...###.#.#.#.# #.##......
...# #.#.#.#.# #.# .####.
...# #.#.#.#.# #.# .. ...#
#.#.#.#.######.. .. ...#
#.#.#.#.#.....## #.. ...#
#.# #.#...#


You could see Edmund, a worm, 3 orcs and an endoplasm.

Vanquished Creatures
  A hound (D:2)
  An orc priest (D:4)
  Jessica (D:2)
  An iguana (D:4)
  3 adders
  2 dart slugs (D:1)
  2 orcs (D:4)
  3 bats
  5 endoplasms
  2 giant cockroaches (D:1)
  3 goblins
  4 hobgoblins
  4 jackals (D:1)
  2 kobolds
  3 quokkas
  10 ball pythons
  4 frilled lizards
  2 rats
53 creatures vanquished.

Notes
Turn   | Place    | Note
-------+----------+-------------------------------------------
     0 | D:1      | GigaChad the Minotaur Fighter began the quest for the Orb.
     0 | D:1      | Reached XP level 1. HP: 19/19 MP: 0/0
   333 | D:1      | Reached XP level 2. HP: 26/27 MP: 1/1
   360 | D:1      | Found a faded altar of an unknown god.
   397 | D:1      | Reached skill level 4 in Armour
   534 | D:1      | Prayed at the altar of an unknown god.
   534 | D:1      | Became a worshipper of Warmaster Okawaru
   534 | D:1      | Reached * piety under Okawaru
   942 | D:1      | Reached XP level 3. HP: 30/33 MP: 2/2
  1215 | D:2      | Noticed Jessica
  1238 | D:2      | Killed Jessica
  1239 | D:2      | Reached XP level 4. HP: 31/40 MP: 3/3
  2369 | D:3      | Found an opulent altar of Gozag.
  2392 | D:3      | Found Jiwia's Assorted Antiques.
  2495 | D:3      | You fall into a shaft and drop 1 floor!
  3274 | D:3      | Found a shimmering blue altar of Sif Muna.
  3370 | D:4      | Found a staircase to the Ecumenical Temple.
  3400 | D:4      | Reached XP level 5. HP: 39/47 MP: 4/4
  3425 | D:4      | Reached skill level 5 in Armour
  3425 | D:4      | Reached skill level 1 in Dodging
  3429 | D:4      | Noticed Edmund
  3444 | D:4      | Slain by Edmund

Illustrated notes

Levels and vault maps discovered:
D:1:      dpeg_arrival_leaves_temple_mockup, layout_basic,
          hellmonk_ecumenical_altar_pennies_from_heaven, serial_bayou_pond_e
D:2:      layout_loops_corners, uniq_jessica
D:3:      layout_basic, lemuel_crystal_altar, lemuel_blue_sif_altar,
          serial_shops, nicolae_shop_trees, kennysheep_cluttered_room,
          nicolae_figureground_pulse
D:4:      cheibrodos_greedy_goblins, layout_basic, mainiacjoe_overflow_paths,
          minmay_temple_entry_arrows, nicolae_ossuary_entry_ruins, uniq_sigmund,
          uniq_edmund

Skill      XL: |  1  2  3  4  5 |
---------------+----------------+-----
Armour         | 4 5 |  5.1
Fighting       | 4 |  4.4
Shields        | 4 |  4.3
Long Blades    | 3 4 |  4.3
Dodging        | 1 |  1.1
Stealth        | |  0.2

Action                   |  1- 3 |  4- 6 || total
-------------------------+-------+-------++-------
Melee: Long sword        |    52 |    62 ||   114
       Headbutt          |     7 |     9 ||    16
  Use: Scroll            |       |     1 ||     1
Armor: Scale mail        |    28 |    29 ||    57
Dodge: Dodged            |    26 |    41 ||    67
Block: Buckler           |     8 |    14 ||    22
